 Dungeon Crawl Stone Soup version 0.28-a0-794-gafe8c5f9e9 (webtiles) character file.

Game seed: 4846546798090984598

8920 gimp the Slicer (level 10, 0/71 HPs)
             Began as a Demigod Wanderer on Nov 5, 2021.
             Slain by a seven-headed hydra (13 damage)
             ... on level 2 of the Lair of Beasts.
             The game lasted 00:37:57 (19295 turns).

gimp the Slicer (Demigod Wanderer)                 Turns: 19295, Time: 00:37:58

Health: 0/71       AC: 15    Str: 12    XL:     10   Next: 95%
Magic:  11/26      EV: 10    Int: 26    God:
Gold:   120        SH:  0    Dex: 14    Spells: 9/26 levels left

rFire   . . .      SeeInvis +   a - +2 short sword (elec)
rCold   + . .      Faith    .   (no shield)
rNeg    . . .      Spirit   .   K - +3 leather armour {rC+}
rPois   +          Reflect  .   w - +2 helmet {SInv}
rElec   .          Harm     .   e - +0 cloak
rCorr   .          Rampage  .   (no gloves)
Will    +....                   J - +0 pair of boots
Stlth   +.........              m - amulet of the acrobat
HPRegen 0.21/turn               x - ring of poison resistance
MPRegen 0.20/turn               G - +4 ring of protection

@: freezing walls
A: high mp 1, forlorn
a: no special abilities


You were on level 2 of the Lair of Beasts.
You visited 3 branches of the dungeon, and saw 16 of its levels.
You also visited: Ossuary.

You collected 842 gold pieces.
You spent 722 gold pieces at shops.

Inventory:

Hand Weapons
 a - a +2 short sword of electrocution (weapon)
 b - a +0 dagger of venom
 c - a +2 rapier of speed
Missiles
 B - a throwing net
 H - a curare-tipped dart
 I - 33 poisoned darts
Armour
 e - a +0 cloak (worn)
 f - a scarf of repulsion
 w - a +2 helmet of see invisible (worn)
 F - the +0 leather armour of Eternal Night {rF++}
   (You found it on level 8 of the Dungeon)

   rF:        It greatly protects you from fire.
 J - a +0 pair of boots (worn)
 K - a +3 leather armour of cold resistance (worn)
Jewellery
 m - an amulet of the acrobat (around neck)
 x - a ring of poison resistance (left hand)
 G - a +4 ring of protection (right hand)
Wands
 k - a wand of iceblast (15)
 q - a wand of charming (18)
 u - a wand of flame (24)
 N - a wand of mindburst (13)
Scrolls
 d - 2 scrolls of fear
 h - 9 scrolls of teleportation
 i - 2 scrolls of enchant weapon
 n - a scroll of fog {unknown}
 y - 4 scrolls of enchant armour
 A - a scroll of silence
 O - a scroll of brand weapon
Potions
 g - a potion of ambrosia
 j - 5 potions of heal wounds
 l - a potion of cancellation {unknown}
 p - 4 potions of degeneration {unknown}
 r - 3 potions of berserk rage
 s - 3 potions of brilliance {unknown}
 t - 2 potions of haste
 v - 4 potions of curing
 z - 3 potions of mutation {unknown}
 C - a potion of flight
 D - a potion of magic
 E - a potion of resistance
 M - a potion of lignification
Miscellaneous
 o - a piece from Xom's chessboard (13/15)
 L - a phantom mirror (inert)


   Skills:
 - Level 1.0 Fighting
 + Level 9.0 Short Blades
 - Level 1.7 Bows
 - Level 1.0 Stealth
 + Level 8.6 Spellcasting
 + Level 4.6 Conjurations
 - Level 4.0 Summonings
 + Level 1.8 Fire Magic
 - Level 4.0 Ice Magic
 - Level 4.0 Air Magic
 - Level 4.0 Poison Magic
 - Level 1.0 Evocations


You had 9 spell levels left.
You knew the following spells:

 Your Spells              Type           Power      Damage    Failure   Level
a - Magic Dart            Conj           100%       1d8       1%          1
b - Mephitic Cloud        Conj/Pois/Air  33%        N/A       3%          3
c - Blink                 Tloc           22%        N/A       11%         2
d - Summon Ice Beast      Ice/Summ       32%        N/A       13%         4
e - Frozen Ramparts       Ice            64%        1d8       4%          3
f - Flame Wave            Conj/Fire      27%        3d6       19%         4

Your spell library contained the following spells:

 Spells                   Type           Power      Damage    Failure   Level
 Call Imp                 Summ           32%        N/A       1%          2
 Scorch                   Fire           40%        2d7       4%          2
 Conjure Flame            Conj/Fire      27%        6-21      5%          3
 Slow                     Hex            44%        N/A       7%          1
 Confusing Touch          Hex            11%        N/A       21%         3
 Vampiric Draining        Necr           11%        2d6       21%         3
 Animate Armour           Summ/Erth      42%        N/A       30%         4
 Ice Form                 Ice/Tmut       21%        N/A       30%         4
 Leda's Liquefaction      Hex/Erth       5%         N/A       56%         4
 Alistair's Intoxication  Tmut/Pois      14%        N/A       63%         5
 Blade Hands              Tmut           5%         N/A       88%         5
 Borgnjor's Vile Clutch   Necr/Erth      5%         N/A       88%         5
 Lee's Rapid Deconstruct  Erth           5%         3d7*      88%         5
 Summon Cactus Giant      Summ           16%        N/A       90%         6
 Eringya's Noxious Bog    Tmut/Pois      10%        N/A       99%         6
 Iron Shot                Conj/Erth      11%        9d3       99%         6
 Statue Form              Tmut/Erth      7%         N/A       100%        6


Dungeon Overview and Level Annotations

Branches:
Dungeon (13/15)            Temple (1/1) D:4            Lair (2/6) D:8
    Orc (0/2) D:10        Ossuary (visited)
  Swamp: Lair:2-4    Shoals: Lair:2-4     Snake: Lair:2-4    Spider: Lair:2-4
 Vaults: D:13-14

Shops:
D:7 *   D:9 [:(


Innate Abilities, Weirdness & Mutations

Your attributes grow dramatically as you level up.
You have an increased reservoir of magic. (+10% MP)
You shall have no god before yourself.


Message History

A wave of flame ripples out! (Press . to intensify the flame waves.)
The seven-headed hydra is no longer moving slowly.
Your ice beast hits the seven-headed hydra.
Your ice beast freezes the seven-headed hydra!
The wall freezes the seven-headed hydra.
You now have 13/26 mp.
A wave of flame ripples out!
The flame wave engulfs the seven-headed hydra!
The seven-headed hydra is severely wounded.
The wall freezes the seven-headed hydra!
The seven-headed hydra seems to slow down.
The seven-headed hydra bites you but does no damage. x2
The seven-headed hydra closely misses you.
The seven-headed hydra completely misses you.
The seven-headed hydra bites you!
The seven-headed hydra closely misses you.
The seven-headed hydra bites you!
You take 18 damage, and have 42/71 hp.
MASSIVE DAMAGE!!
You now have 12/26 mp.
Really fire at your ice beast?
A wave of flame ripples out!
The flame wave engulfs the seven-headed hydra!
The seven-headed hydra is almost dead.
The flame wave engulfs your ice beast!
Your ice beast melts!
Your ice beast is moderately wounded.
You finish channelling waves of flame.
Your ice beast disappears in a puff of smoke!
You now have 11/26 mp.
You hit the seven-headed hydra.
The seven-headed hydra is almost dead.
The wall freezes the seven-headed hydra!
The seven-headed hydra completely misses you.
The seven-headed hydra bites you!
The seven-headed hydra bites you but does no damage.
The seven-headed hydra bites you! x2
* * * LOW HITPOINT WARNING * * *
The seven-headed hydra bites you but does no damage.
The seven-headed hydra bites you!
You die...

### ###.#### ####
####.@###.####..#### #
##.....D§...P.......###
##.....................†
#.......................
##.....................##
#P.......................
##.............F.......##
#≈≈≈≈.≈≈≈.........F..###
##≈≈≈≈.≈≈≈≈...........#


You could see a seven-headed hydra (slow) and a cane toad.

Vanquished Creatures
  3 two-headed ogres
  Joseph (Lair:1)
  A cane toad (Lair:2)
  2 gargoyles (D:10)
  A komodo dragon (Lair:2)
  3 hornets
  Menkaure (D:6)
  3 water moccasins
  A hornet zombie (D:7)
  5 orc warriors
  A sky beast (D:5)
  A black bear (D:4)
  2 ice beasts
  A necrophage (D:5)
  4 centaurs
  4 ogres
  3 wolves (Lair:1)
  Blork the orc (D:4)
  3 kobold brigands
  6 bullfrogs
  2 scorpions
  4 howler monkeys
  3 wights
  4 electric eels
  2 bullfrog zombies
  3 centaur zombies
  5 orc priests
  A hound (D:6)
  Crazy Yiuf (D:6)
  4 gnoll shamans
  2 iguanas
  A bullfrog skeleton (D:5)
  10 orc wizards
  8 mummies (Ossuary)
  5 howler monkey zombies
  17 gnolls
  6 adders
  A howler monkey skeleton (D:7)
  2 shadow imps (D:7)
  A white imp (D:8)
  An ufetubus (D:5)
  An adder skeleton (D:4)
  2 worms
  2 dart slugs (D:3)
  45 orcs
  5 endoplasms
  3 giant cockroaches
  A gnoll zombie (Ossuary)
  6 goblins
  5 hobgoblins
  5 jackals
  A quokka (D:4)
  6 ball pythons
  10 bats
  4 frilled lizards
  21 kobolds
  3 orc zombies (Ossuary)
  A quokka zombie (D:5)
  3 rats
  A rat zombie (D:5)
255 creatures vanquished.

Vanquished Creatures (collateral kills)
  2 wolves (Lair:1)
  A bullfrog (Lair:2)
  2 gnoll zombies (Ossuary)
  A hobgoblin zombie (Ossuary)
  An orc zombie (Ossuary)
7 creatures vanquished.

Vanquished Creatures (others)
  5 plants (Lair:1)
5 creatures vanquished.

Grand Total: 267 creatures vanquished

Notes
Turn   | Place    | Note
-------+----------+-------------------------------------------
     0 | D:1      | gimp the Demigod Wanderer began the quest for the Orb.
     0 | D:1      | gimp set off with the following items: a +0 dagger, a piece
                  | from Xom's chessboard (15/15), a +0 robe, a potion of
                  | curing; and the following spells available to memorise:
                  | Magic Dart, Slow, Blink, Call Imp, Mephitic Cloud, Conjure
                  | Flame
     0 | D:1      | Reached XP level 1. HP: 16/16 MP: 5/5
     2 | D:1      | Learned a level 1 spell: Magic Dart
   420 | D:1      | Reached skill level 1 in Conjurations
   685 | D:1      | Reached XP level 2. HP: 23/23 MP: 4/7
  1844 | D:2      | Reached XP level 3. HP: 10/28 MP: 2/9
  2120 | D:2      | HP: 2/42 [poisoned by an adder]
  3219 | D:3      | Reached XP level 4. HP: 8/35 MP: 5/10
  3639 | D:3      | Learned a level 3 spell: Mephitic Cloud
  3643 | D:3      | Learned a level 3 spell: Vampiric Draining
  4414 | D:3      | Reached skill level 1 in Short Blades
  4781 | D:3      | Reached XP level 5. HP: 40/40 MP: 2/12
  4913 | D:4      | Noticed a black bear
  4929 | D:4      | Killed a black bear
  5246 | D:4      | Noticed Blork the orc
  5254 | D:4      | Noticed an ogre
  5429 | D:5      | Entered Level 5 of the Dungeon
  5490 | D:5      | Noticed an ice beast
  5504 | D:5      | Reached skill level 2 in Short Blades
  5504 | D:5      | Reached XP level 6. HP: 27/47 MP: 2/14
  5652 | D:5      | Found a sand-covered staircase.
  5666 | D:5      | Learned a level 2 spell: Call Imp
  5667 | Ossuary  | Entered an ossuary
  6208 | Ossuary  | Reached XP level 7. HP: 52/52 MP: 8/15
  6413 | D:4      | Killed Blork the orc
  6423 | D:4      | Reached skill level 3 in Short Blades
  6944 | D:4      | Found a staircase to the Ecumenical Temple.
  6953 | Temple   | Entered the Ecumenical Temple
  7443 | D:5      | Noticed a hornet
  7454 | D:5      | Killed a hornet
  7839 | D:5      | Reached XP level 8. HP: 45/57 MP: 15/18
  8100 | D:5      | Reached skill level 4 in Short Blades
  8756 | D:6      | Reached skill level 5 in Spellcasting
  9361 | D:6      | Noticed Menkaure
  9367 | D:6      | Killed Menkaure
  9368 | D:6      | Reached skill level 5 in Short Blades
 10008 | D:6      | Found a runed translucent door.
 10009 | D:6      | Noticed Crazy Yiuf
 10511 | D:6      | Killed Crazy Yiuf
 10739 | D:7      | Found Duruczah's Assorted Antiques.
 11118 | D:7      | Noticed a +0 spear
 11119 | D:7      | Noticed a +0 falchion
 11157 | D:7      | Reached XP level 9. HP: 63/64 MP: 15/22
 11197 | D:7      | Noticed a +0 falchion
 11202 | D:7      | Noticed a +0 dagger
 11203 | D:7      | Noticed a +0 short sword
 11204 | D:7      | Noticed a +0 spear
 11204 | D:7      | Noticed a +0 dagger
 11204 | D:7      | Noticed a +0 short sword
 11395 | D:7      | Reached skill level 6 in Short Blades
 11745 | D:8      | Reached skill level 1 in Summonings
 12657 | D:8      | Identified the +0 leather armour of Eternal Night {rF++}
 13385 | D:8      | Found a staircase to the Lair.
 13541 | D:9      | Found Kakej's Antique Weapon Shop.
 13554 | D:9      | Learned a level 3 spell: Frozen Ramparts
 14055 | D:9      | Found Niob's Armour Shoppe.
 14055 | D:9      | Noticed a two-headed ogre
 14085 | D:9      | Killed a two-headed ogre
 14086 | D:9      | Reached skill level 7 in Short Blades
 14191 | D:9      | Bought a +0 pair of boots for 54 gold pieces
 14191 | D:9      | Bought a +3 leather armour of cold resistance for 288 gold
                  | pieces
 14224 | D:9      | Found Wesoaff's Book Shop.
 14230 | D:9      | Bought Great Wizards, Vol. II for 380 gold pieces
 14528 | D:9      | Noticed a two-headed ogre
 14557 | D:9      | Killed a two-headed ogre
 14558 | D:9      | Reached skill level 1 in Ice Magic
 14558 | D:9      | Reached XP level 10. HP: 14/71 MP: 12/25
 15202 | D:10     | Entered Level 10 of the Dungeon
 15763 | D:10     | Noticed a two-headed ogre
 16373 | D:10     | Reached skill level 8 in Short Blades
 16696 | D:10     | Found a staircase to the Orcish Mines.
 16912 | D:10     | You fall into a shaft and drop 3 floors!
 16914 | D:13     | Noticed a two-headed ogre
 17094 | D:12     | Noticed a boulder beetle
 17313 | D:10     | Killed a two-headed ogre
 17946 | D:10     | Learned a level 2 spell: Blink
 17951 | D:10     | Learned a level 4 spell: Summon Ice Beast
 17956 | D:10     | Learned a level 4 spell: Flame Wave
 18292 | Lair:1   | Entered Level 1 of the Lair of Beasts
 18378 | Lair:1   | Noticed Joseph
 18396 | Lair:1   | Killed Joseph
 18745 | Lair:1   | Reached skill level 1 in Fire Magic
 18973 | Lair:2   | Noticed an eight-headed hydra
 19096 | Lair:2   | Reached skill level 9 in Short Blades
 19264 | Lair:2   | Noticed a seven-headed hydra
 19295 | Lair:2   | Slain by a seven-headed hydra

Illustrated notes

Levels and vault maps discovered:
D:1:      onia_arrival_mini_spirals, layout_loops_ring,
          minmay_misc_feat_hallway, patterned_corridor
D:2:      layout_basic
D:3:      layout_basic
D:4:      layout_basic, mainiacjoe_overflow_brackets, bloody_trog,
          minmay_temple_entry_purple_smoke, uniq_blork_the_orc
D:5:      layout_basic, grunt_temple_overflow_gold_and_silver, enter_ossuary_4,
          nrook_loot_triangle, minivault_19, bh_walls_and_bars
D:6:      layout_loops_corners, grunt_ministairs_14, uniq_crazy_yiuf_cottage,
          uniq_menkaure
D:7:      layout_loops_corners, nicolae_uskayaw_en_pointe, fedhas_altar_2,
          mainiacjoe_overflow_catwalk, serial_glass, glass_columns_a,
          glass_columns_b, serial_shops, shop
D:8:      layout_cave_pools, lair_entry_dummy
D:9:      layout_gridville, lemuel_tele_altar, mainiacjoe_overflow_alcove_1,
          chequers_temple_overflow_statue_of_worship, serial_shops,
          nicolae_stop_n_shop_2, shop, nicolae_shop_statue_plus,
          serial_bayou_pond_b
D:10:     layout_basic, tso_metal_star, david_orc_5, kennysheep_generic_room_10
D:11:     layout_roguey, chequers_serial_rivers_micro_a
D:12:     layout_roguey [special_room_bee]
D:13:     layout_rooms, lemuel_zombie_altar_yredelemnul
Temple:   kb_temple_of_zot
Lair:1:   layout_big_grid, serial_bayou_lake_a, uniq_joseph
Lair:2:   layout_gridlike, minmay_shoals_entry_hut, dummy_spider_entry,
          serial_bayou_pond_b, wad_woods_river_04, nicolae_quartered_pool_super,
          beast_lair_carwin_3

Skill      XL: |  1  2  3  4  5  6  7  8  9 10 |
---------------+-------------------------------+-----
Conjurations   | 1 2 3 4 |  4.6
Spellcasting   | 2 3 4 6 7 8 |  8.6
Short Blades   | 1 2 3 5 7 9 |  9.0
Air Magic      | 2 3 4 |  4.0
Poison Magic   | 2 3 4 |  4.0
Summonings     | 4 |  4.0
Ice Magic      | 1 4 |  4.0
Fire Magic     | 1 |  1.8
Fighting       | |  1.0
Bows           | |  1.7
Stealth        | |  1.0
Evocations     | |  1.0

Action                   |  1- 3 |  4- 6 |  7- 9 | 10-12 || total
-------------------------+-------+-------+-------+-------++-------
Melee: Dagger            |    42 |       |     1 |       ||    43
       Short sword       |     5 |   100 |   329 |   140 ||   574
       Quarterstaff      |       |       |       |     7 ||     7
 Cast: Magic Dart        |   108 |   128 |   197 |   125 ||   558
       Mephitic Cloud    |       |     4 |    34 |    27 ||    65
       Call Imp          |       |     4 |    11 |     3 ||    18
       Summon Ice Beast  |       |       |       |     5 ||     5
       Frozen Ramparts   |       |       |       |     5 ||     5
       Flame Wave        |       |       |       |     1 ||     1
Evoke: Piece from Xom's  |     3 |     3 |       |     5 ||    11
       Wand              |       |       |       |     4 ||     4
       Phantom mirror    |       |       |       |     1 ||     1
  Use: Potion            |     4 |       |       |     2 ||     6
       Scroll            |       |     5 |    13 |     3 ||    21
 Stab: Confused          |       |     1 |    15 |     7 ||    23
       Sleeping          |       |       |     1 |       ||     1
Armor: Robe              |    15 |     3 |       |       ||    18
       Skin              |    12 |       |       |       ||    12
       Leather armour    |       |    28 |    74 |    60 ||   162
Dodge: Dodged            |    38 |    57 |   164 |    97 ||   356

Table legend: (Time is in decaauts)
 A = Elapsed time spent in this place.
 B = Non-inter-level travel time spent in this place.
 C = Inter-level travel time spent in this place.
 D = Time resting spent in this place.
 E = Time spent auto-exploring this place.
 F = Levels seen in this place.
 G = Mean time per level.
                   A        B        C        D        E       F      G
               +--------+--------+--------+--------+--------+-----+--------+
         Total |  19275 |  18539 |    736 |   2119 |  13531 |  17 | 1133.8 |
       Dungeon |  17443 |  16770 |    673 |   2014 |  12176 |  13 | 1341.8 |
        Temple |     96 |     88 |      8 |      0 |     76 |   1 |   96.0 |
          Lair |   1031 |    977 |     54 |     12 |    814 |   2 |  515.5 |
       Ossuary |    703 |    703 |      0 |     93 |    465 |   1 |  703.0 |
               +--------+--------+--------+--------+--------+-----+--------+

Top non-repeatable levels by time:
    D:10: 2323 daAuts
     D:9: 2206 daAuts
     D:7: 1997 daAuts
     D:3: 1954 daAuts
     D:6: 1831 daAuts
     D:5: 1700 daAuts
     D:2: 1631 daAuts
     D:1: 1599 daAuts
     D:4: 1035 daAuts
     D:8: 876 daAuts
  Lair:1: 749 daAuts
 Ossuary: 703 daAuts
  Lair:2: 281 daAuts
    D:12: 179 daAuts
    D:11: 98 daAuts
